 Dungeon Crawl Stone Soup version 0.30.1-3-gfc49f6343a (webtiles) character file.

Game seed: 7089359137969692266

6680 Cheops the Basher (level 10, 90/90 HPs)
             Began as a Minotaur Fighter on July 18, 2023.
             Was an Elder of Ru.
             Quit the game on level 8 of the Dungeon on July 19, 2023.
             The game lasted 00:18:55 (9201 turns).

Cheops the Basher (Minotaur Fighter)                Turns: 9201, Time: 00:18:55

Health: 90/90      AC: 12    Str: 25    XL:     10   Next: 73%
Magic:  9/9        EV: 16    Int:  5    God:    Ru [****..]
Gold:   478        SH:  9    Dex:  6    Spells: 9/9 levels left

rFire   + . .        a - +9 flail "Naofo" {vamp, rElec rN++ Dex-4 SInv}
rCold   . . .        c - +0 buckler
rNeg    + + .        E - +2 plate armour {rF+}
rPois   .            (helmet restricted)
rElec   +            (no cloak)
rCorr   .            (no gloves)
SInv    +            (no boots)
Will    .....        K - amulet of reflection Stlth
                     o - +5 ring of evasion
HPRegen 0.35/turn    G - +5 ring of evasion
MPRegen 0.11/turn

%: reflection
@: no status effects
A: horns 2, no stealth, hated by all, inability to train armour, retaliatory
headbutt
a: Renounce Religion, Draw Out Power, Power Leap


You were on level 8 of the Dungeon.
You worshipped Ru.
Ru was greatly pleased with you.
You visited 2 branches of the dungeon, and saw 9 of its levels.
You also visited: Sewer.

You collected 478 gold pieces.

Inventory:

Hand Weapons
 a - the +9 flail "Naofo" (weapon) {vamp, rElec rN++ Dex-4 SInv}
   (You found it on level 5 of the Dungeon)

   Dex:       It affects your dexterity (-4).
   rElec:     It insulates you from electricity.
   rN:        It greatly protects you from negative energy.
   SInv:      It lets you see invisible.
 b - a +0 heavy mace
 h - a +0 morningstar
 y - a +0 flail
 M - a +2 whip of flaming
 Q - a +0 broad axe of flaming
Missiles
 J - 2 throwing nets (quivered)
Armour
 c - a +0 buckler (worn)
 x - a +2 robe of resistance
 E - a +2 plate armour of fire resistance (worn)
 R - +0 swamp dragon scales
Jewellery
 o - a +5 ring of evasion (left hand)
 t - a ring of positive energy
 A - the ring "Goceaxzu" {rElec rN+ rCorr Str-5 Int+3}
   (You found it on level 8 of the Dungeon)

   [ring of resist corrosion]

   Str:       It affects your strength (-5).
   Int:       It affects your intelligence (+3).
   rElec:     It insulates you from electricity.
   rN:        It protects you from negative energy.
   rCorr:     It protects you from acid and corrosion.
 C - a ring of fire
 G - a +5 ring of evasion (right hand)
 K - an amulet of reflection (around neck)
 U - a ring of protection from cold
Wands
 m - a wand of mindburst (28)
 v - a wand of iceblast (14)
 P - a wand of flame (14)
Scrolls
 d - 2 scrolls of brand weapon
 e - a scroll of fear
 j - 3 scrolls of enchant weapon {unknown}
 l - 3 scrolls of teleportation {unknown}
 p - 2 scrolls of enchant armour
 q - 2 scrolls of immolation
 r - 5 scrolls of poison {unknown}
 s - 2 scrolls of blinking
 D - a scroll of magic mapping
 F - 3 scrolls of torment {unknown}
 S - a scroll of amnesia
 T - a scroll of silence {unknown}
 V - a scroll of fog
Potions
 f - a potion of invisibility {unknown}
 g - a potion of lignification {unknown}
 k - 4 potions of might
 n - 2 potions of magic
 w - 3 potions of curing
 z - a potion of resistance {unknown}
 B - 9 potions of flight
 H - a potion of heal wounds
 I - 2 potions of cancellation {unknown}
 L - a potion of attraction
 N - 2 potions of haste


   Skills:
 - Level 8.7 Fighting
 - Level 14.0 Maces & Flails
 - Level 3.6 Shields
 + Level 5.2 Evocations


You had 9 spell levels left.
You didn't know any spells.
Your spell library contained the following spells:

 Spells                   Type           Power      Damage    Failure   Level
 Ensorcelled Hibernation  Hex/Ice        0%         N/A       100%        2
 Passwall                 Tmut/Erth      0%         N/A       100%        2
 Swiftness                Air            0%         N/A       100%        3


Dungeon Overview and Level Annotations

Branches:
Dungeon (8/15)             Temple (1/1) D:4            Lair (0/5) D:8
  Sewer (visited)

Altars:
Ashenzari
Cheibriados
Dithmenos
Elyvilon
Gozag
Kikubaaqudgha
Makhleb
Nemelex Xobeh
Okawaru
Qazlal
Ru
Sif Muna
Trog
Uskayaw
Vehumet
Wu Jian
Xom
Zin
The Shining One

Shops:
D:2 *   D:3 :   D:6 :


Innate Abilities, Weirdness & Mutations

You have a pair of horns on your head.
You cannot be stealthy.
You are hated by all.
You cannot train Armour skill.
You reflexively headbutt those who attack you in melee.


Message History

Things that are here:
a +0 halberd; a +0 whip; a +0 spear of venom
There is an open door, spattered with blood here.
Items here: ))) [.
You open the door.
There is an open door here.
Found a stone staircase leading down.
There is a stone staircase leading down here.
V - a scroll labelled QOIQUIHI URUST
There is a stone staircase leading down here.
Done exploring.
Done exploring.
Done exploring.
Done exploring.
Search for what [Enter for "."]? .
As you read the scroll of identify, it crumbles to dust.
V - a scroll of fog
As you read the scroll of identify, it crumbles to dust.
N - 2 potions of haste
Okay, then.
Okay, then.
Search for what [Enter for "."]? shield You drop a +0 chain mail.
You drop a +0 scale mail.
Okay, then.
Okay, then.
Unknown command.
Unknown command.
Save game and exit?
Welcome back, Cheops the Minotaur Fighter.
Ru says: Cut away your false body!
Press ? for a list of commands and other information.
Okay, then.
Okay, then.
Unknown command.
Save game and exit?
Welcome back, Cheops the Minotaur Fighter.
Ru says: Cut away your false body!
Press ? for a list of commands and other information.
Are you sure you want to abandon this character and quit the game? (Confirm with "yes".)

#########
############.......#
##...##.#....@....#.#
####.........#######.#.#
#............# #.#.#
#.##.........# #.#.#
#.###........# #.#.# #.#
######.#.# #.#.#####
#.### #.#.# #.......#
>...#
##+#.#######...###.#
#.#.#
##...............##.#


There were no monsters in sight!

Vanquished Creatures
  Pikel (D:8)
  Maggie (D:8)
  A hornet (D:8)
  Prince Ribbit (D:6)
  Sigmund (D:2)
  A wyvern (D:8)
  4 water moccasins
  2 orc warriors
  3 ice beasts
  3 sky beasts
  A black bear (D:6)
  An ogre (D:5)
  A centaur (D:8)
  A lemure (D:8)
  Blork the orc (D:5)
  A kobold brigand (D:8)
  2 bullfrogs
  4 scorpions
  A killer bee (D:8)
  A howler monkey (D:8)
  4 jellies
  7 hounds
  6 orc priests
  A gnoll bouda (D:8)
  3 sleepcaps
  Jessica (D:2)
  4 orc wizards
  Natasha (thrice) (D:2)
  8 gnolls
  5 river rats
  7 adders
  A white imp (D:5)
  2 ufetubi
  5 worms
  3 dart slugs
  39 orcs
  11 bats
  4 endoplasms
  8 giant cockroaches
  5 goblins (D:1)
  6 hobgoblins
  A jackal (Sewer)
  2 quokkas
  9 ball pythons
  5 frilled lizards
  12 kobolds
  8 rats
202 creatures vanquished.

Notes
Turn   | Place    | Note
-------+----------+-------------------------------------------
     0 | D:1      | Cheops the Minotaur Fighter began the quest for the Orb.
     0 | D:1      | Reached XP level 1. HP: 19/19 MP: 0/0
    44 | D:1      | Reached skill level 3 in Maces & Flails
   146 | D:1      | Reached XP level 2. HP: 26/26 MP: 1/1
   417 | D:1      | Reached skill level 4 in Maces & Flails
   993 | D:2      | Noticed Sigmund
  1002 | D:2      | Killed Sigmund
  1003 | D:2      | Reached skill level 6 in Maces & Flails
  1003 | D:2      | Reached XP level 3. HP: 12/31 MP: 2/2
  1003 | D:2      | Reached XP level 4. HP: 15/39 MP: 3/3
  1003 | D:2      | Reached XP level 5. HP: 18/45 MP: 4/4
  1228 | D:2      | Reached skill level 7 in Maces & Flails
  1231 | D:2      | Noticed Jessica
  1235 | D:2      | Killed Jessica
  1338 | D:2      | Found Liklixuo's Assorted Antiques.
  1442 | D:2      | You fall into a shaft and drop 2 floors!
  1536 | D:4      | Found a staircase to the Ecumenical Temple.
  1545 | Temple   | Entered the Ecumenical Temple
  1627 | Temple   | Became a worshipper of Ru the Awakened
  1647 | D:4      | Reached XP level 6. HP: 51/51 MP: 5/5
  1678 | D:3      | Found a stormy altar of Qazlal.
  1678 | D:3      | Found an ornate altar of the Wu Jian Council.
  1960 | D:2      | Noticed Natasha
  1967 | D:2      | Killed Natasha
  2030 | D:2      | Noticed Natasha
  2040 | D:2      | Killed Natasha
  2041 | D:2      | Reached skill level 8 in Maces & Flails
  2097 | D:2      | Noticed Natasha
  2105 | D:2      | Killed Natasha
  2419 | D:3      | Found Ogoidghyll's Book Shop.
  2756 | D:3      | Found an iron altar of Okawaru.
  2802 | D:3      | Reached skill level 9 in Maces & Flails
  2808 | D:3      | Found a shimmering blue altar of Sif Muna.
  2904 | D:3      | Gained mutation: You are hated by all. [Ru sacrifice]
  2904 | D:3      | Reached * piety under Ru
  2904 | D:3      | Reached ** piety under Ru
  3131 | D:3      | Found a faded altar of an unknown god.
  3400 | D:4      | Reached XP level 7. HP: 54/57 MP: 6/6
  4291 | D:5      | Entered Level 5 of the Dungeon
  4407 | D:5      | Found a glowing drain.
  4426 | Sewer    | Entered a sewer
  5029 | D:5      | Reached skill level 10 in Maces & Flails
  5332 | D:5      | Identified the +9 flail "Naofo" {vamp, rElec rN++ Dex-4
                  | SInv}
  5348 | D:5      | Noticed Blork the orc
  5359 | D:5      | Killed Blork the orc
  5360 | D:5      | Reached skill level 11 in Maces & Flails
  5375 | D:5      | Reached XP level 8. HP: 34/64 MP: 7/7
  5760 | D:5      | Found a burning altar of Makhleb.
  5984 | D:6      | Reached skill level 12 in Maces & Flails
  5999 | D:6      | Found Utwaal's Book Shoppe.
  6079 | D:6      | Reached skill level 13 in Maces & Flails
  6108 | D:6      | Gained mutation: You cannot be stealthy. [Ru sacrifice]
  6400 | D:6      | Noticed Prince Ribbit
  6413 | D:6      | Killed Prince Ribbit
  6414 | D:6      | Reached skill level 14 in Maces & Flails
  6414 | D:6      | Reached XP level 9. HP: 29/70 MP: 8/8
  7172 | D:6      | Reached XP level 10. HP: 90/90 MP: 9/9
  7509 | D:7      | Reached skill level 1 in Evocations
  8321 | D:8      | Identified the ring "Goceaxzu" {rElec rN+ rCorr Str-5
                  | Int+3}
  8359 | D:8      | Noticed Pikel
  8369 | D:8      | Killed Pikel
  8428 | D:8      | Found a staircase to the Lair.
  8547 | D:8      | Noticed Maggie
  8555 | D:8      | Killed Maggie
  8650 | D:8      | Gained mutation: You cannot train Armour skill. [Ru
                  | sacrifice]
  8650 | D:8      | Reached *** piety under Ru
  8650 | D:8      | Reached **** piety under Ru
  8871 | D:8      | Found an ancient bone altar of Kikubaaqudgha.
  9019 | D:8      | Found a bloodstained altar of Trog.
  9029 | D:8      | Found a snail-covered altar of Cheibriados.
  9118 | D:8      | Reached skill level 5 in Evocations
  9201 | D:8      | Quit the game

Illustrated notes

Levels and vault maps discovered:
D:1:      dpeg_arrival_arbitrary_a, layout_loops_ring
D:2:      layout_loops_corners, serial_shops, nicolae_shop_getting_attention,
          uniq_sigmund, uniq_jessica, uniq_natasha
D:3:      cheibrodos_pilgrimage, layout_loops_ring,
          nicolae_overflow_hidden_temple, kennysheep_orc_sif_temple,
          mainiacjoe_overflow_catwalk, shapermc_ecumenical_altar_notcrosses,
          serial_shops, shop, kennysheep_generic_room_9
D:4:      nicolae_cairo_tiling_large, layout_cave_pods, temple_statues,
          grunt_ministairs_2, hangedman_abyss_or_decor_lesser_grid
D:5:      layout_loops_ring, kennysheep_mini_moat, portal_sewer_entry_c,
          uniq_blork_the_orc
D:6:      layout_basic, serial_shops, shop, dk_vineyard_3, uniq_prince_ribbit1
D:7:      layout_loops_corners
D:8:      layout_loops_corners, amethyst_overflow_temple_binary,
          lemuel_round_altar, david_lair_shrubbed, minmay_joined_circles,
          uniq_pikel, uniq_maggie
Temple:   compressed_dpeg_circular_temple

Skill      XL: |  1  2  3  4  5  6  7  8  9 10 |
---------------+-------------------------------+-----
Maces & Flails | 3 6 7 9 11 14 | 14.0
Armour         | 4 12 0 |  0.0
Fighting       | 8 |  8.7
Evocations     | 5 |  5.2
Shields        | |  3.6

Action                     |  1- 3 |  4- 6 |  7- 9 | 10-12 || total
---------------------------+-------+-------+-------+-------++-------
  Melee: Flail             |    66 |   120 |   178 |   122 ||   486
         Headbutt          |     7 |    13 |    20 |    14 ||    54
         Mace              |       |     8 |    19 |       ||    27
 Invoke: Sacrifice Love    |       |     1 |       |       ||     1
         Sacrifice Stealth |       |       |     1 |       ||     1
         Sacrifice Durabil |       |       |       |     1 ||     1
  Evoke: Wand              |       |       |     1 |     5 ||     6
    Use: Potion            |     1 |       |     1 |       ||     2
         Scroll            |       |       |    11 |     5 ||    16
 Armour: Scale mail        |    20 |       |       |       ||    20
         Chain mail        |     8 |    82 |    39 |       ||   129
         Plate armour      |       |       |     7 |    13 ||    20
  Dodge: Dodged            |    35 |    61 |   111 |    43 ||   250
  Block: Buckler           |    18 |    25 |    34 |    24 ||   101
